 Dungeon Crawl Stone Soup version 0.32-a0-814-g0968bab981 (webtiles) character file.

Game seed: 17623466915213521956

4152 Elsrick the Slicer (level 10, 0/76 HPs)
             Began as a Human Fighter on Mar 22, 2024.
             Was a Plaything of Xom.
             Slain by an orange demon (2 damage)
             ... summoned by Xom
             ... on level 8 of the Dungeon.
             The game lasted 00:24:08 (8438 turns).

Elsrick the Slicer (Human Fighter)                  Turns: 8438, Time: 00:24:08

Health: 0/76       AC: 22    Str: 19    XL:     10   Next: 28%
Magic:  6/10       EV:  7    Int:  8    God:    Xom [.....*]
Gold:   328        SH:  5    Dex: 17    Spells: 9/9 levels left

rFire   + . .        n - +3 short sword
rCold   . . .        c - +0 buckler
rNeg    . . .        A - +1 plate armour {rC+}
rPois   .            k - +0 helmet
rElec   .            J - +2 cloak
rCorr   .            h - +0 pair of gloves
SInv    .            (no boots)
Will    .....        (no amulet) Stlth
                     f - ring of fire
HPRegen 0.32/turn    (no ring)
MPRegen 0.12/turn

%: no passive effects
@: about to teleport
A: explore regen, iridescent scales 1, agile 1, sturdy frame 1
a: Renounce Religion


You were on level 8 of the Dungeon.
You worshipped Xom.
You were Xom's teddy bear.
You visited 1 branch of the dungeon, and saw 8 of its levels.

You collected 500 gold pieces.
You spent 172 gold pieces at shops.

Inventory:

Hand Weapons
 a - a +0 long sword
 n - a +3 short sword (weapon)
 v - a +0 long sword of holy wrath
Missiles
 o - 16 poisoned darts
Armour
 b - a +0 scale mail
 c - a +0 buckler (worn)
 h - a +0 pair of gloves (worn)
 k - a +0 helmet (worn)
 l - a +0 chain mail
 A - a +1 plate armour of cold resistance (worn)
 J - a +2 cloak (worn)
Jewellery
 f - a ring of fire (left hand)
 q - a ring of positive energy
 C - a ring of magical power
 F - an amulet of magic regeneration
 I - a ring of resist corrosion
Wands
 y - a wand of paralysis (7)
 B - a wand of light (15) (quivered)
Scrolls
 e - a scroll of teleportation
 i - a scroll of summoning {unknown}
 j - a scroll of revelation {unknown}
 p - a scroll of poison {unknown}
 r - 3 scrolls of immolation
 t - a scroll of fear {unknown}
 x - a scroll of blinking {unknown}
 E - 2 scrolls of amnesia
 H - a scroll of torment {unknown}
Potions
 d - a potion of lignification {unknown}
 g - a potion of curing {unknown}
 m - 2 potions of heal wounds
 s - 2 potions of magic
 u - a potion of invisibility {unknown}
 w - 3 potions of degeneration {unknown}
 z - a potion of mutation {unknown}
 D - 3 potions of ambrosia {unknown}
 G - a potion of haste {unknown}


   Skills:
 + Level 5.6 Fighting
 * Level 9.9(10.1) Short Blades
 + Level 3.0(7.0) Long Blades
 + Level 0.6 Throwing
 + Level 8.2 Armour
 + Level 2.1 Dodging
 + Level 5.4 Shields
 + Level 0.4 Evocations


You had 9 spell levels left.
You didn't know any spells.
Your spell library contained the following spells:

 Spells                   Type           Power      Damage    Failure   Level
 Apportation              Tloc           0%         N/A       99%         1
 Necrotise                Necr           0%         1d4       99%         1
 Sting                    Conj/Alch      0%         1d3       99%         1
 Summon Small Mammal      Summ           0%         N/A       99%         1
 Mercury Vapours          Alch/Air       0%         N/A       100%        2
 Call Canine Familiar     Summ           0%         N/A       100%        3
 Olgreb's Toxic Radiance  Alch           0%         N/A       100%        4
 Summon Blazeheart Golem  Fire/Summ      0%         N/A       100%        4


Dungeon Overview and Level Annotations

Branches:
Dungeon (8/15)             Temple (0/1) D:5
   Lair: D:8-11

Altars:
Cheibriados
Sif Muna
Xom

Shops:
D:8 [

Annotations:
D:6 2 runed translucent doors, DeathSocks's ghost, weakling DsDe


Innate Abilities, Weirdness & Mutations

You regain HP and MP as you explore.
You are partially covered in iridescent scales. (AC +2)
You are agile. (Dex +4, Str/Int -1)
Your movements are slightly less encumbered by armour. (ER -2)


Message History

You barely miss the gnoll.
The gnoll is almost dead.
You hit the gnoll.
You kill the gnoll!
Items here: )) ††††.
Okay, then.
You start resting. "Time to have some fun!"
You are now Xom's teddy bear.
You puncture the shadow imp!
The shadow imp is severely wounded.
You puncture the shadow imp!
You kill the shadow imp!
The shadow imp disappears in a puff of smoke!
The sixfirhy hits you but does no damage. x2
The orange demon stings you but does no damage. x2
The orange demon hits you but does no damage.
The sixfirhy hits you! The sixfirhy shocks you!
As you read the scroll of teleportation, it crumbles to dust.
You feel strangely unstable.
The sixfirhy hits you but does no damage.
You block the sixfirhy's attack.
The sixfirhy hits you but does no damage.
The chaos spawn bites you!
You feel your power leaking away.
The orange demon stings you but does no damage. x2
The orange demon misses you. The sixfirhy hits you. The sixfirhy shocks you!
* * * LOW HITPOINT WARNING * * *
You hit the chaos spawn.
The chaos spawn is lightly wounded.
The sixfirhy hits you!
* * * LOW HITPOINT WARNING * * *
The sixfirhy shocks you!
* * * LOW HITPOINT WARNING * * *
You barely miss the chaos spawn.
The chaos spawn is lightly wounded.
You block the chaos spawn's attack. You block the orange demon's attack.
The orange demon stings you.
You die... "What!?
That's it?"

## ###.
..4
#.#3####
#..)@4.#
###4##.#
#
#5##.##.#
#...)...#
####.####
#.# #.#
#.# #.#


You could see 2 orange demons, a sixfirhy (summoned), a chaos spawn (summoned)
and a white imp (summoned).

Vanquished Creatures
  A hornet (D:7)
  Prince Ribbit (D:4)
  Sigmund (D:4)
  3 yaks (D:8)
  A human (D:5)
  2 wyverns (D:8)
  A steam dragon (shapeshifter) (D:5)
  3 ice beasts
  2 sky beasts
  An ogre (D:6)
  2 centaurs
  2 phantoms (D:5)
  A bullfrog (D:7)
  A gnoll sergeant (D:8)
  4 scorpions
  Dowan (D:5)
  A gnoll bouda (D:7)
  2 hounds
  An orc priest (D:7)
  2 sleepcaps
  2 jellies
  Jessica (D:3)
  An iguana (D:5)
  Ijyb (D:5)
  3 orc wizards
  Robin (D:2)
  10 gnolls
  8 adders
  3 shadow imps
  A white imp (D:7)
  8 ufetubi
  3 dart slugs
  2 ribbon worms (D:4)
  15 orcs
  8 ball pythons
  9 endoplasms
  9 giant cockroaches
  15 goblins
  7 hobgoblins
  3 jackals (D:3)
  8 quokkas
  3 bats
  3 frilled lizards (D:1)
  4 kobolds
  5 rats
166 creatures vanquished.

Vanquished Creatures (collateral kills)
  Maurice (D:7)
  A bullfrog (D:7)
2 creatures vanquished.

Vanquished Creatures (others)
  A yak (D:8)
  2 gnolls (D:7)
3 creatures vanquished.

Grand Total: 171 creatures vanquished

Notes
Turn   | Place    | Note
-------+----------+-------------------------------------------
     0 | D:1      | Elsrick the Human Fighter began the quest for the Orb.
     0 | D:1      | Reached XP level 1. HP: 18/18 MP: 1/1
   174 | D:1      | Reached XP level 2. HP: 24/24 MP: 2/2
   440 | D:1      | Reached XP level 3. HP: 29/29 MP: 3/3
   780 | D:2      | Found a shimmering altar of Xom.
   827 | D:2      | Became a worshipper of Xom of Chaos
   993 | D:2      | Noticed Robin
  1015 | D:2      | Killed Robin
  1016 | D:2      | Reached skill level 1 in Dodging
  1020 | D:2      | Reached XP level 4. HP: 10/35 MP: 4/4
  1416 | D:2      | XOM: confuse monster(s)
  1632 | D:2      | XOM: cloud trail
  1643 | D:2      | XOM: scenery: create altars
  2196 | D:3      | Noticed a scorpion
  2209 | D:3      | XOM: cleaving
  2214 | D:3      | Killed a scorpion
  2215 | D:3      | Reached skill level 1 in Short Blades
  2215 | D:3      | Reached XP level 5. HP: 24/41 MP: 5/5
  2273 | D:3      | XOM: scenery: 1 doors close
  2297 | D:3      | Noticed Jessica
  2308 | D:3      | Killed Jessica
  2309 | D:3      | Reached skill level 2 in Short Blades
  2565 | D:3      | Found a faded altar of an unknown god.
  2912 | D:3      | XOM: fog
  3090 | D:4      | Noticed a centaur
  3093 | D:4      | XOM: summons 5 friendly demons
  3094 | D:4      | Found a snail-covered altar of Cheibriados.
  3111 | D:4      | Killed a centaur
  3112 | D:4      | Reached skill level 3 in Short Blades
  3112 | D:4      | Reached XP level 6. HP: 30/47 MP: 6/6
  3200 | D:4      | Noticed Sigmund
  3235 | D:4      | Killed Sigmund
  3236 | D:4      | Reached skill level 4 in Short Blades
  3236 | D:4      | Reached XP level 7. HP: 22/53 MP: 7/7
  3240 | D:4      | XOM: cloud trail
  4002 | D:4      | XOM: god gift: +1 plate armour of cold resistance
  4051 | D:5      | Entered Level 5 of the Dungeon
  4051 | D:5      | Noticed Prince Ribbit
  4071 | D:4      | Killed Prince Ribbit
  4223 | D:5      | Reached skill level 5 in Short Blades
  4243 | D:5      | Noticed Ijyb
  4268 | D:5      | Killed Ijyb
  4269 | D:5      | Reached XP level 8. HP: 36/60 MP: 8/8
  4355 | D:5      | XOM: confusion (+ monsters)
  4367 | D:5      | Reached skill level 5 in Armour
  4546 | D:5      | XOM: fog
  4566 | D:5      | Found a staircase to the Ecumenical Temple.
  4815 | D:5      | Noticed Duvessa
  4815 | D:5      | Noticed Dowan
  4824 | D:5      | XOM: divination: detect items
  4826 | D:5      | XOM: blink monster(s)
  4839 | D:5      | XOM: smoke on damage
  4841 | D:5      | Duvessa changed into Duvessa the human
  4841 | D:5      | Noticed Duvessa
  4841 | D:5      | XOM: polymorph Duvessa -> Duvessa the human
  4842 | D:5      | Reached skill level 6 in Short Blades
  4858 | D:5      | XOM: chaos cloud
  4859 | D:5      | XOM: noise
  4867 | D:5      | Killed Duvessa the human
  4871 | D:5      | Killed Dowan
  5143 | D:5      | Found a shimmering blue altar of Sif Muna.
  5155 | D:5      | an orc wizard changed into a shapeshifter
  5155 | D:5      | Noticed a shapeshifter (shapeshifter)
  5155 | D:5      | XOM: polymorph orc wizard -> shapeshifter
  5155 | D:5      | a shapeshifter changed into a river rat
  5163 | D:5      | XOM: repel stairs
  5166 | D:5      | XOM: summons friendly white imp
  5385 | D:6      | XOM: noise
  5758 | D:6      | Reached skill level 7 in Short Blades
  5758 | D:6      | Reached XP level 9. HP: 10/66 MP: 9/9
  5970 | D:6      | XOM: summons 3 hostile shadow creatures
  5971 | D:6      | Noticed a kobold demonologist
  5974 | D:6      | Noticed an orange demon
  6319 | D:6      | Found a large runed translucent door.
  6319 | D:6      | Found a large runed translucent door.
  6320 | D:6      | Noticed DeathSocks's ghost (weakling DsDe)
  6519 | D:7      | XOM: polymorph orc warrior -> sky beast
  6523 | D:7      | XOM: confusion (+ monsters)
  6544 | D:7      | XOM: blink monster(s)
  6705 | D:7      | XOM: summons 2 hostile shadow creatures
  6713 | D:7      | XOM: polymorph orc -> killer bee
  6773 | D:7      | XOM: destruction
  6781 | D:7      | XOM: enchant monster (good)
  6810 | D:8      | Reached skill level 5 in Shields
  6843 | D:8      | XOM: divination: magic mapping
  6851 | D:8      | XOM: potion effect (berserk rage)
  6862 | D:8      | Reached skill level 8 in Short Blades
  6871 | D:8      | XOM: enchant monster (good)
  6879 | D:8      | Reached skill level 5 in Fighting
  6880 | D:8      | Noticed Maurice
  6883 | D:8      | Paralysed by Maurice for 4 turns
  6893 | D:8      | Paralysed by something for 5 turns
  6902 | D:7      | Something stole a +0 long sword of holy wrath
  6913 | D:7      | Paralysed by something for 3 turns
  6919 | D:7      | Paralysed by something for 2 turns
  6924 | D:7      | Something stole a ring of magical power
  6926 | D:7      | Something stole 12 poisoned darts
  6934 | D:7      | Something stole 439 gold
  6938 | D:7      | Paralysed by something for 5 turns
  6946 | D:7      | Paralysed by something for 3 turns
  6957 | D:7      | XOM: cast spell 'Summon Mana Viper'
  6966 | D:7      | Paralysed by Maurice for 4 turns
  6970 | D:7      | Killed Maurice
  6971 | D:7      | Reached skill level 9 in Short Blades
  7075 | D:7      | Noticed a hornet
  7089 | D:7      | Paralysed by a hornet for 1 turns
  7105 | D:7      | Killed a hornet
  7106 | D:7      | Reached XP level 10. HP: 32/74 MP: 10/10
  7686 | D:7      | XOM: god gift: ring of resist corrosion
  8139 | D:8      | Found Fuh Pawu's Antique Armour Emporium.
  8183 | D:8      | Bought an embroidered cloak for 172 gold pieces
  8230 | D:8      | XOM: give mutations
  8230 | D:8      | Gained mutation: You are agile. (Dex +4, Str/Int -1) [Xom's
                  | grace]
  8230 | D:8      | Gained mutation: You are partially covered in iridescent
                  | scales. (AC +2) [Xom's grace]
  8230 | D:8      | Gained mutation: Your movements are slightly less
                  | encumbered by armour. (ER -2) [Xom's grace]
  8325 | D:8      | XOM: silly message
  8333 | D:8      | XOM: polymorph gnoll bouda -> wyvern
  8433 | D:8      | XOM: summons 6 hostile demons
  8434 | D:8      | Noticed a sixfirhy
  8434 | D:8      | Noticed an orange demon
  8434 | D:8      | Noticed an orange demon
  8437 | D:8      | HP: 2/76 [sixfirhy[Xom] (9)]
  8438 | D:8      | Slain by an orange demon

Illustrated notes

Levels and vault maps discovered:
D:1:      wander_arrival_lonely_grave, layout_basic, minmay_split_cup_small
D:2:      layout_basic, basic_altar, bh_walls_and_bars, uniq_robin
D:3:      layout_loops_ring, gup_sewer_entry_pipe,
          ebering_ecumenical_altar_hall, kennysheep_generic_room_9, uniq_jessica
D:4:      layout_loops_ring, slow_altar_1, uniq_sigmund
D:5:      layout_rooms, led_sif_book, temple_fountains, uniq_prince_ribbit1,
          uniq_ijyb, uniq_duvessa
D:6:      layout_loops_cross, ebering_ghost_disaster_area
D:7:      layout_gridville, serial_park_tiny_pond
D:8:      layout_loops_ring, serial_shops, nicolae_shop_tiny_glass, uniq_maurice

Skill      XL: |  1  2  3  4  5  6  7  8  9 10 |
---------------+-------------------------------+-----
Dodging        | 1 2 |  2.1
Long Blades    | 3 |  3.0
Short Blades   | 1 3 4 5 7 9 |  9.9
Armour         | 4 6 7 8 |  8.2
Fighting       | 4 5 |  5.6
Shields        | 4 5 |  5.4
Throwing       | |  0.6
Evocations     | |  0.4

Action                     |  1- 3 |  4- 6 |  7- 9 | 10-12 || total
---------------------------+-------+-------+-------+-------++-------
  Melee: Long sword        |    95 |    13 |       |       ||   108
         Short sword       |       |   214 |   613 |   154 ||   981
  Throw: Dart              |       |       |     7 |       ||     7
  Evoke: Wand              |       |       |     3 |     6 ||     9
    Use: Potion            |     1 |       |     3 |     1 ||     5
         Scroll            |       |     4 |     4 |     1 ||     9
   Stab: Confused          |       |       |     2 |       ||     2
 Armour: Scale mail        |    84 |     5 |       |       ||    89
         Chain mail        |       |   172 |    34 |       ||   206
         Plate armour      |       |       |   422 |   104 ||   526
  Dodge: Dodged            |    50 |    66 |   124 |    31 ||   271
  Block: Buckler           |    21 |    48 |    90 |    30 ||   189

Table legend: (Time is in decaauts)
 A = Elapsed time spent in this place.
 B = Non-inter-level travel time spent in this place.
 C = Inter-level travel time spent in this place.
 D = Time resting spent in this place.
 E = Time spent auto-exploring this place.
 F = Levels seen in this place.
 G = Mean time per level.
                   A        B        C        D        E       F      G
               +--------+--------+--------+--------+--------+-----+--------+
         Total |   8234 |   7926 |    308 |   1758 |   3721 |   8 | 1029.2 |
       Dungeon |   8234 |   7926 |    308 |   1758 |   3721 |   8 | 1029.2 |
               +--------+--------+--------+--------+--------+-----+--------+

Top non-repeatable levels by time:
     D:2: 1365 daAuts
     D:7: 1309 daAuts
     D:4: 1138 daAuts
     D:6: 1110 daAuts
     D:5: 1080 daAuts
     D:3: 1030 daAuts
     D:1: 664 daAuts
     D:8: 535 daAuts
